 Dungeon Crawl Stone Soup version 0.31-a0-1-g4198be8af4 (webtiles) character file.

Game seed: 3702743036218972991

158 Ahpoh the Slasher (level 5, 23/23 HPs)
             Began as a Vine Stalker Monk on May 2, 2023.
             Quit the game on level 2 of the Dungeon.
             The game lasted 00:09:31 (18185 turns).

Ahpoh the Slasher (Vine Stalker Monk)              Turns: 18185, Time: 00:09:31

Health: 23/23      AC:  2    Str: 14    XL:     5   Next: 40%
Magic:  6/6        EV: 13    Int: 10    God:
Gold:   183        SH:  0    Dex: 18    Spells: 4/4 levels left

rFire   . . .        a - +0 falchion
rCold   . . .        d - orb {light}
rNeg    . . .        b - +0 robe
rPois   .            (no helmet)
rElec   .            (no cloak)
rCorr   .            (no gloves)
SInv    .            (no boots)
Will    .....        (no amulet)
Stlth   +            (no ring)
HPRegen 1.03/turn    (no ring)
MPRegen 0.10/turn

%: guardian spirit
@: glowing, bezotted
A: fangs 2, regeneration 1, magic shield, antimagic bite, no potion heal 2
a: no special abilities


You were on level 2 of the Dungeon.
You visited 1 branch of the dungeon, and saw 3 of its levels.

You collected 183 gold pieces.

Inventory:

Hand Weapons
 a - a +0 falchion (weapon)
Armour
 b - a +0 robe (worn)
 d - an orb of light (worn)
Jewellery
 n - a ring of ice
Scrolls
 e - 2 scrolls of identify
 f - a scroll of poison {unknown}
 g - a scroll of vulnerability {unknown}
 h - 2 scrolls of teleportation {unknown}
 i - a scroll of noise {unknown}
 l - a scroll of fear {unknown}
 q - a scroll of blinking {unknown}
Potions
 c - a potion of ambrosia
 j - 2 potions of magic {unknown}
 k - a potion of flight {unknown}
 m - a potion of resistance {unknown}
 o - 5 potions of curing {unknown}
 p - 2 potions of heal wounds {unknown}
 r - a potion of brilliance {unknown}


   Skills:
 + Level 3.3 Fighting
 + Level 4.4 Long Blades
 + Level 2.9 Dodging
 + Level 1.3 Stealth


You had 4 spell levels left.
You didn't know any spells.
Your spell library was empty.

Dungeon Overview and Level Annotations

Branches:
Dungeon (3/15) Zot: 797

Altars:
Xom
The Shining One


Innate Abilities, Weirdness & Mutations

You have extremely sharp teeth.
Your natural rate of healing is unusually fast.
When hurt, damage is shared between your health and your magic reserves.
Your bite disrupts and absorbs the magic of your enemies.
Potions cannot restore your health.


Message History

Really rest while Zot is near?
You start waiting.
Done waiting.
Zot draws nearer.
Dive deeper or flee this branch before you suffer!
Really rest while Zot is near?
You start waiting.
Done waiting.
Unknown command.
Welcome back, Ahpoh the Vine Stalker Monk.
Press ? for a list of commands and other information.
Zot has nearly found you.
Suffering is imminent.
Descend or flee this branch!
There is a stone staircase leading down here.
There is a stone staircase leading down here.
Zot's power touches on you...
You have lingered too long.
Zot senses you.
Dive deeper or flee this branch before you suffer!
Really rest while Zot is near?
You start waiting.
Done waiting.
Really rest while Zot is near? [Y]es or [N]o only, please.
Really rest while Zot is near? [Y]es or [N]o only, please.
Really rest while Zot is near? [Y]es or [N]o only, please.
Really rest while Zot is near? [Y]es or [N]o only, please.
Really rest while Zot is near? [Y]es or [N]o only, please.
Really rest while Zot is near? [Y]es or [N]o only, please.
Really rest while Zot is near? [Y]es or [N]o only, please.
Really rest while Zot is near? [Y]es or [N]o only, please.
Really rest while Zot is near? [Y]es or [N]o only, please.
Really rest while Zot is near?
You start waiting.
Done waiting.
Are you sure you want to abandon this character and quit the game? (Confirm with "yes".)

## .# .#### #########
#############
....###.....>.###...........#
.............<....#########.#
#####.........########## #.#
......#.........@...>..# #^#
#####.........#####.##.# #.#
#...##........# #.##.# #>#
#.#.##........# #.##.# #.#
#.#.........#######.##.# #.#
#.#####.####.....##.##.# #.#
#.# #.# #.###.##.##.# #.# #.#
#.# #.# #.##.##.####.## #!#
#.# #.# #.............#


There were no monsters in sight!

Vanquished Creatures
  8 adders
  2 worms (D:3)
  3 dart slugs
  4 orcs (D:3)
  8 endoplasms
  4 giant cockroaches
  6 hobgoblins
  6 kobolds
  7 ball pythons
  3 bats
  7 frilled lizards
  9 goblins
  6 rats
73 creatures vanquished.

Notes
Turn   | Place    | Note
-------+----------+-------------------------------------------
     0 | D:1      | Ahpoh the Vine Stalker Monk began the quest for the Orb.
     0 | D:1      | Reached XP level 1. HP: 11/11 MP: 2/2
   104 | D:1      | Reached XP level 2. HP: 14/16 MP: 3/3
   131 | D:1      | Reached skill level 3 in Long Blades
   294 | D:1      | Reached XP level 3. HP: 11/20 MP: 4/4
   840 | D:2      | Gained mutation: Your natural rate of healing is unusually
                  | fast. [Vine Stalker growth]
   840 | D:2      | Reached XP level 4. HP: 23/24 MP: 3/5
  1009 | D:2      | Reached skill level 1 in Stealth
  1365 | D:3      | Reached skill level 4 in Long Blades
  1380 | D:3      | Found a shimmering altar of Xom.
  1460 | D:3      | Reached XP level 5. HP: 28/28 MP: 6/6
  1688 | D:3      | Found a faded altar of an unknown god.
  1711 | D:3      | Prayed at the altar of an unknown god.
  1711 | D:3      | Became a worshipper of the Shining One
  1711 | D:3      | Reached * piety under the Shining One
  1711 | D:3      | Reached ** piety under the Shining One
  1765 | D:2      | Fell from the grace of the Shining One
 16982 | D:2      | Glimpsed the power of Zot.
 17482 | D:2      | Glimpsed the power of Zot.
 17882 | D:2      | Glimpsed the power of Zot.
 17981 | D:2      | Touched by the power of Zot.
 17982 | D:2      | Glimpsed the power of Zot.
 18185 | D:2      | Quit the game

Illustrated notes

Levels and vault maps discovered:
D:1:      dpeg_arrival_simpleton_c, layout_rooms, minmay_tall_x
D:2:      layout_loops_ring
D:3:      layout_rooms, mainiacjoe_overflow_concentric_impassable,
          hellmonk_ecumenical_altar_arch_garden

Skill      XL: |  1  2  3  4 |
---------------+-------------+-----
Long Blades    | 3 4 |  4.4
Fighting       | 3 |  3.3
Stealth        | 1 |  1.3
Dodging        | |  2.9

Action                     |  1- 3 |  4- 6 || total
---------------------------+-------+-------++-------
  Melee: Falchion          |    72 |    83 ||   155
         Bite              |    16 |    26 ||    42
 Invoke: Renounce Religion |       |     1 ||     1
    Use: Scroll            |     1 |       ||     1
   Stab: Sleeping          |     1 |     1 ||     2
 Armour: Robe              |    17 |     8 ||    25
  Dodge: Dodged            |    51 |    46 ||    97

Table legend: (Time is in decaauts)
 A = Elapsed time spent in this place.
 B = Non-inter-level travel time spent in this place.
 C = Inter-level travel time spent in this place.
 D = Time resting spent in this place.
 E = Time spent auto-exploring this place.
 F = Levels seen in this place.
 G = Mean time per level.
                   A        B        C        D        E       F      G
               +--------+--------+--------+--------+--------+-----+--------+
         Total |  18203 |  18127 |     76 |  16012 |   1110 |   3 | 6067.7 |
       Dungeon |  18203 |  18127 |     76 |  16012 |   1110 |   3 | 6067.7 |
               +--------+--------+--------+--------+--------+-----+--------+

Top non-repeatable levels by time:
     D:2: 17237 daAuts
     D:1: 546 daAuts
     D:3: 418 daAuts
